 Dungeon Crawl Stone Soup version 0.31.0-9-g3a7656b989 (webtiles) character file.

Game seed: 10819186853799921534

4079 qw the Skirmisher (level 10, -1/56 HPs)
             Began as a Deep Elf Hunter on Feb 2, 2024.
             Was a Believer of Okawaru.
             Slain by a death yak (20 damage)
             ... on level 8 of the Dungeon.
             The game lasted 00:00:24 (4925 turns).

qw the Skirmisher (Deep Elf Hunter)                 Turns: 4925, Time: 00:00:24

Health: -1/56      AC:  8    Str: 14    XL:     10   Next: 5%
Magic:  14/15      EV: 26    Int: 15    God:    Okawaru [**....]
Gold:   184        SH:  0    Dex: 27    Spells: 9/9 levels left

rFire   + . .        j - +4 triple crossbow "Habom" {freeze, rElec rF+ Will- Dex+6}
rCold   . . .        (shield currently unavailable)
rNeg    . . .        p - +1 robe of Shielding {^Drain Str+2 Dex+3 SInv}
rPois   .            a - +2 helmet {SInv}
rElec   +            h - scarf {repulsion}
rCorr   .            (no gloves)
SInv    +            t - +0 pair of boots
Will    .....        m - amulet of regeneration
Stlth   ++++         (no ring)
HPRegen 1.09/turn    (no ring)
MPRegen 0.14/turn

%: repel missiles
@: heroic
A: no striking features
a: Renounce Religion, Heroism


You were on level 8 of the Dungeon.
You worshipped Okawaru.
Okawaru was pleased with you.
You visited 2 branches of the dungeon, and saw 9 of its levels.

You collected 387 gold pieces.
You spent 203 gold pieces at shops.


   Skills:
 - Level 4.0(9.0) Fighting
 + Level 14.7(19.7) Ranged Weapons
 - Level 1.5(6.5) Armour
 - Level 9.0(14.0) Dodging
 - Level 1.2(6.2) Stealth
 - Level 4.1 Invocations


You had 9 spell levels left.
You didn't know any spells.
Your spell library was empty.

Inventory:

Hand Weapons
 j - the +4 triple crossbow "Habom" (weapon) {freeze, rElec rF+ Will- Dex+6}
   (You acquired it on level 2 of the Dungeon)

   Dex+6:     It affects your dexterity (+6).
   rF+:       It protects you from fire.
   rElec:     It insulates you from electricity.
   Will-:     It decreases your willpower.
Armour
 a - a +2 helmet of see invisible (worn)
 f - a +2 robe of fire resistance
 h - a scarf of repulsion (worn)
 p - the +1 robe of Shielding (worn) {^Drain Str+2 Dex+3 SInv}
   (You found it on level 7 of the Dungeon)

   Str+2:     It affects your strength (+2).
   Dex+3:     It affects your dexterity (+3).
   SInv:      It lets you see invisible.
   ^Drain:    It drains your maximum health when unequipped.
 t - a +0 pair of boots (worn)
Jewellery
 m - an amulet of regeneration (around neck)
Wands
 e - a wand of light (4)
 n - a wand of polymorph (9)
 u - a wand of iceblast (11)
Scrolls
 g - a scroll of brand weapon
 i - 2 scrolls of teleportation
 l - 5 scrolls of identify
Potions
 b - 2 potions of enlightenment
 c - a potion of cancellation
 o - a potion of heal wounds

Dungeon Overview and Level Annotations

Branches:
Dungeon (8/15)             Temple (1/1) D:6
   Lair: D:8-11

Altars:
Ashenzari
Cheibriados
Elyvilon
Fedhas
Gozag
Hepliaklqana
Kikubaaqudgha
Makhleb
Nemelex Xobeh
Okawaru
Qazlal
Ru
Sif Muna
Trog
Uskayaw
Vehumet
Wu Jian
Xom
Yredelemnul
Zin
The Shining One

Shops:
D:6 ?


Message History

The death yak is no longer blind.
Enter note:
Enter note:
4915 ||| RETREEEEATING.
You start resting.
A death yak is nearby!
You shoot a bolt.
The bolt hits the death yak but does no damage.
The death yak is heavily wounded.
The death yak misses you.
You shoot a bolt. The bolt hits the death yak!!!
The bolt freezes the death yak!
You kill the death yak!
Okawaru is honoured by your kill.
Your base Dodging skill gained 2 levels and is now at level 9!
You shoot a bolt. The bolt hits the death yak!!
The bolt freezes the death yak!
The death yak is heavily wounded.
The death yak misses you.
You shoot a bolt. The bolt hits the death yak.
The bolt freezes the death yak.
The death yak is severely wounded.
The death yak gores you!
You shoot a bolt. The bolt hits the death yak!!!
The bolt freezes the death yak.
You kill the death yak!
Okawaru is honoured by your kill.
You have reached level 10!
You shoot a bolt. The bolt hits the death yak!!
The bolt freezes the death yak.
The death yak is moderately wounded.
You hear a deafening roar!
The death yak gores you! The death yak misses you.
You hear a deafening roar!
You hear a loud squeak.
You shoot a bolt. The bolt hits the death yak!!
The bolt freezes the death yak.
The death yak is severely wounded.
You hear a deafening roar!
The death yak completely misses you.
You hear a loud squeak.
You shoot a bolt. The bolt barely misses the death yak.
The death yak gores you!!
You shoot a bolt. The bolt hits the death yak.
The bolt freezes the death yak.
The death yak is severely wounded.
The death yak gores you!!
You die...

##### ###........#.
##.#.###.%..#......#
#...................
#...................
#.............##....
#....%....~.~..[....
###.r.##..#.~}~.......
#...Y####.....~.......
#...#@# ..............
.....Y....#..#..............
.###Y######.... ##...... f.
##..... ....... ..r .......
.. ....... . ....... ...#.#.


You could see a death yak and a hell rat.

Vanquished Creatures
  2 death yaks (D:8)
  Maggie (D:6)
  Prince Ribbit (D:6)
  A wyvern (D:7)
  Eustachio (D:4)
  Duvessa (D:6)
  3 orc warriors
  2 ice beasts
  4 ogres
  A kobold brigand (D:8)
  3 bullfrogs (D:7)
  4 scorpions
  3 wights (D:7)
  Dowan (D:6)
  3 howler monkeys (D:8)
  2 orc priests
  Terence (D:2)
  5 iguanas
  3 orc wizards
  A gnoll (D:2)
  6 adders
  2 dart slugs
  A ribbon worm (D:2)
  17 orcs
  5 ball pythons
  4 endoplasms
  A giant cockroach (D:1)
  15 goblins
  4 hobgoblins
  2 jackals (D:4)
  4 quokkas
  2 bats
  12 kobolds
  4 rats
122 creatures vanquished.

Vanquished Creatures (collateral kills)
  2 gnolls (D:2)
2 creatures vanquished.

Grand Total: 124 creatures vanquished

Notes
Turn   | Place    | Note
-------+----------+-------------------------------------------
     0 | D:1      | qw the Deep Elf Hunter began the quest for the Orb.
     0 | D:1      | Reached XP level 1. HP: 12/12 MP: 3/3
     0 | D:1      | 0 ||| qw: Version: 0.3-a-155-g5e7d8dd
     0 | D:1      | 0 ||| qw: Game counter: 1787
     0 | D:1      | 0 ||| qw: Melee chars always use a shield: true
     0 | D:1      | 0 ||| qw: God list: Okawaru
     0 | D:1      | 0 ||| qw: Allow faded altars: false
     0 | D:1      | 0 ||| qw: Do Orc after clearing Dungeon:15 true
     0 | D:1      | 0 ||| qw: Do second Lair branch before Depths: true
     0 | D:1      | 0 ||| qw: Lair rune preference: random
     0 | D:1      | 0 ||| qw: Goals: Normal
     0 | D:1      | 0 ||| PLANNING D:1-11
   158 | D:1      | Reached skill level 6 in Ranged Weapons
   158 | D:1      | Reached XP level 2. HP: 16/16 MP: 4/4
   362 | D:1      | You fall into a shaft and drop 1 floor!
   431 | D:2      | Reached XP level 3. HP: 18/20 MP: 5/5
   554 | D:2      | 554 ||| UPGRADING to +0 ring mail.
   564 | D:2      | 564 ||| DROPPING +0 leather armour.
   565 | D:2      | 565 ||| UPGRADING to scarf of repulsion.
   570 | D:2      | 570 ||| READING scroll labelled ZOXZUMEUHE.
   571 | D:2      | 571 ||| READING scroll labelled JYIFU ODYT.
   602 | D:2      | Reached skill level 7 in Ranged Weapons
   641 | D:2      | Reached XP level 4. HP: 25/25 MP: 6/6
   642 | D:2      | 642 ||| READING scroll labelled SARREE DAREFI.
   647 | D:2      | 647 ||| DROPPING scroll of butterflies.
   648 | D:2      | 648 ||| Stepping randomly (stuck).
   649 | D:2      | 649 ||| Stepping randomly (stuck).
   651 | D:2      | 651 ||| DRINKING 2 dark potions.
   665 | D:2      | Noticed Terence
   676 | D:2      | Killed Terence
   985 | D:2      | Reached skill level 8 in Ranged Weapons
  1372 | D:2      | 1372 ||| UPGRADING to amulet of regeneration.
  1377 | D:2      | 1377 ||| READING scroll labelled CAEPPE FUATH.
  1377 | D:2      | Identified a scroll of acquirement
  1377 | D:2      | 1377 ||| ACQUIRING +4 triple crossbow "Habom" {freeze,
                  | rElec rF+ Will- Dex+6}
  1377 | D:2      | Acquired the +4 triple crossbow "Habom" {freeze, rElec rF+
                  | Will- Dex+6}
  1379 | D:2      | 1379 ||| SWAPPING to +4 triple crossbow "Habom" {freeze,
                  | rElec rF+ Will- Dex+6}.
  1380 | D:2      | 1380 ||| DROPPING +0 shortbow.
  1381 | D:2      | 1381 ||| READING scroll labelled PEPIFU CUGISU.
  1381 | D:2      | 1381 ||| IDENTIFYING fizzy purple potion
  1382 | D:2      | 1382 ||| READING scroll labelled KOLEBL XYFRE.
  1452 | D:3      | Found a hazy altar of Hepliaklqana.
  1602 | D:3      | Found a basalt altar of Yredelemnul.
  1637 | D:3      | Reached skill level 3 in Dodging
  1637 | D:3      | Reached XP level 5. HP: 29/29 MP: 7/7
  1750 | D:3      | 1750 ||| READING scroll of identify.
  1750 | D:3      | 1750 ||| IDENTIFYING glowing grey potion
  1751 | D:3      | 1751 ||| READING scroll labelled NIEN NEOCO.
  1752 | D:3      | 1752 ||| READING scroll labelled VAANIY KEESCH.
  2029 | D:3      | 2029 ||| READING scroll of identify.
  2029 | D:3      | 2029 ||| IDENTIFYING smoky inky potion
  2030 | D:3      | 2030 ||| READING scroll labelled ICRUHE LUTO.
  2031 | D:3      | 2031 ||| DROPPING potion of brilliance.
  2033 | D:3      | 2033 ||| Stepping ~*~*~tactically~*~*~ (cloud).
  2092 | D:4      | Identified the +0 hand axe of Dudaraw {freeze, Stlth+}
  2105 | D:4      | Noticed an ogre
  2106 | D:4      | 2106 ||| DRINKING potion of haste.
  2108 | D:4      | Killed an ogre
  2109 | D:4      | Reached skill level 9 in Ranged Weapons
  2109 | D:4      | Reached XP level 6. HP: 34/34 MP: 8/8
  2129 | D:4      | Found an ancient bone altar of Kikubaaqudgha.
  2132 | D:4      | Noticed Eustachio
  2134 | D:4      | Killed Eustachio
  2220 | D:4      | Found an opulent altar of Gozag.
  2491 | D:4      | 2491 ||| UPGRADING to +1 helmet of see invisible.
  2496 | D:4      | 2496 ||| READING 2 scrolls of identify.
  2496 | D:4      | 2496 ||| IDENTIFYING white potion
  2497 | D:4      | 2497 ||| READING scroll of identify.
  2497 | D:4      | 2497 ||| IDENTIFYING emerald potion
  2498 | D:4      | 2498 ||| READING scroll labelled ZOPUEKEILEU.
  2498 | D:4      | 2498 ||| ENCHANTING +1 helmet of see invisible.
  2499 | D:4      | 2499 ||| READING scroll labelled ETZEQU LUAR.
  2500 | D:4      | 2500 ||| DRINKING 2 orange potions.
  2501 | D:4      | 2501 ||| FLEEEEING.
  2502 | D:4      | 2502 ||| FLEEEEING.
  2503 | D:4      | 2503 ||| FLEEEEING.
  2504 | D:4      | 2504 ||| FLEEEEING.
  2505 | D:4      | 2505 ||| FLEEEEING.
  2506 | D:4      | 2506 ||| FLEEEEING.
  2507 | D:4      | 2507 ||| FLEEEEING.
  2508 | D:4      | 2508 ||| STAIRDANCE
  2510 | D:3      | 2510 ||| FLEEEEING.
  2511 | D:3      | 2511 ||| FLEEEEING.
  2512 | D:3      | 2512 ||| FLEEEEING.
  2513 | D:3      | 2513 ||| FLEEEEING.
  2514 | D:3      | 2514 ||| FLEEEEING.
  2515 | D:3      | 2515 ||| FLEEEEING.
  2516 | D:3      | 2516 ||| FLEEEEING.
  2517 | D:3      | 2517 ||| FLEEEEING.
  2518 | D:3      | 2518 ||| FLEEEEING.
  2519 | D:3      | 2519 ||| STAIRDANCE
  2521 | D:2      | 2521 ||| FLEEEEING.
  2522 | D:2      | 2522 ||| FLEEEEING.
  2523 | D:2      | 2523 ||| FLEEEEING.
  2524 | D:2      | 2524 ||| FLEEEEING.
  2525 | D:2      | 2525 ||| FLEEEEING.
  2526 | D:2      | 2526 ||| DROPPING potion of berserk rage.
  2561 | D:5      | Entered Level 5 of the Dungeon
  2637 | D:5      | Reached skill level 10 in Ranged Weapons
  2637 | D:5      | Reached XP level 7. HP: 40/40 MP: 9/9
  2828 | D:5      | Reached skill level 1 in Armour
  2851 | D:5      | Found an ornate altar of the Wu Jian Council.
  3094 | D:5      | HP: 8/40 [goblin/+0 club (3)]
  3095 | D:5      | 3095 ||| READING scroll of teleportation.
  3096 | D:5      | 3096 ||| DRINKING potion of heal wounds.
  3258 | D:5      | 3258 ||| UPGRADING to +0 pair of boots.
  3263 | D:5      | 3263 ||| READING 2 scrolls of identify.
  3263 | D:5      | 3263 ||| IDENTIFYING purple potion
  3264 | D:5      | 3264 ||| READING scroll of identify.
  3264 | D:5      | 3264 ||| IDENTIFYING smoky white potion
  3265 | D:5      | 3265 ||| READING scroll labelled YVESI JATTOERR.
  3283 | D:5      | 3283 ||| READING scroll labelled VENWUU HEGRUSTAI.
  3284 | D:5      | 3284 ||| READING scroll labelled DEDWOB ESAGH.
  3285 | D:5      | 3285 ||| DROPPING potion of invisibility.
  3286 | D:5      | 3286 ||| DROPPING potion of ambrosia.
  3441 | D:6      | Noticed Duvessa
  3441 | D:6      | Noticed Dowan
  3443 | D:6      | Killed Duvessa
  3444 | D:6      | Killed Dowan
  3445 | D:6      | Reached skill level 11 in Ranged Weapons
  3456 | D:6      | Found a sparkling altar of Nemelex Xobeh.
  3494 | D:6      | Noticed Maggie
  3496 | D:6      | 3496 ||| ZAPPING wand of iceblast (13) at -3,1 (Maggie;
                  | floor).
  3497 | D:6      | 3497 ||| ZAPPING wand of iceblast (12) at -2,1 (Maggie;
                  | floor).
  3498 | D:6      | 3498 ||| ZAPPING wand of iceblast (11) at -2,1 (Maggie;
                  | floor).
  3500 | D:6      | Killed Maggie
  3501 | D:6      | Reached skill level 12 in Ranged Weapons
  3501 | D:6      | Reached XP level 8. HP: 45/45 MP: 10/10
  3527 | D:6      | Noticed Prince Ribbit
  3528 | D:6      | Killed Prince Ribbit
  3529 | D:6      | Found a blossoming altar of Fedhas.
  3683 | D:6      | Found a staircase to the Ecumenical Temple.
  3684 | D:6      | 3684 ||| PLANNING TEMPLE
  3684 | D:6      | 3684 ||| READING scroll of identify.
  3684 | D:6      | 3684 ||| IDENTIFYING inky potion
  3685 | D:6      | 3685 ||| DROPPING potion of attraction.
  3690 | Temple   | Entered the Ecumenical Temple
  3691 | Temple   | 3691 ||| PLANNING OKAWARU WORSHIP
  3699 | Temple   | Became a worshipper of Warmaster Okawaru
  3700 | Temple   | 3700 ||| PLANNING D:1-11
  3837 | D:6      | Found a sacrificial altar of Ru.
  3848 | D:6      | Found Weulox's Magic Scroll Shoppe.
  3859 | D:6      | 3859 ||| BUYING scroll of brand weapon (104 gold).
  3859 | D:6      | Bought a scroll of brand weapon for 104 gold pieces
  3859 | D:6      | 3859 ||| BUYING scroll of identify (22 gold).
  3859 | D:6      | Bought a scroll of identify for 22 gold pieces
  3859 | D:6      | 3859 ||| BUYING scroll of identify (22 gold).
  3859 | D:6      | Bought a scroll of identify for 22 gold pieces
  3859 | D:6      | 3859 ||| BUYING scroll of identify (22 gold).
  3859 | D:6      | Bought a scroll of identify for 22 gold pieces
  3859 | D:6      | 3859 ||| BUYING scroll of teleportation (33 gold).
  3859 | D:6      | Bought a scroll of teleportation for 33 gold pieces
  4073 | D:7      | Reached skill level 13 in Ranged Weapons
  4219 | D:7      | Identified the +1 robe of Shielding {^Drain Str+2 Dex+3
                  | SInv}
  4245 | D:7      | Found a burning altar of Makhleb.
  4253 | D:7      | Reached XP level 9. HP: 52/52 MP: 11/11
  4309 | D:7      | Found a flagged portal.
  4336 | D:7      | Reached * piety under Okawaru
  4337 | D:7      | Reached skill level 14 in Ranged Weapons
  4459 | D:7      | Reached skill level 1 in Invocations
  4717 | D:7      | 4717 ||| UPGRADING to +1 robe of Shielding {^Drain Str+2
                  | Dex+3 SInv}.
  4727 | D:7      | 4727 ||| DROPPING +0 ring mail.
  4728 | D:7      | 4728 ||| DROPPING ring of flight.
  4765 | D:8      | Reached skill level 6 in Dodging
  4765 | D:8      | Reached skill level 3 in Invocations
  4765 | D:8      | 4765 ||| STAIRDANCE
  4779 | D:8      | 4779 ||| DRINKING potion of curing.
  4779 | D:8      | 4779 ||| (to cure confusion)
  4781 | D:8      | 4781 ||| STAIRDANCE
  4907 | D:8      | Noticed a death yak
  4908 | D:8      | 4908 ||| ZAPPING wand of light (5) at -4,3 (death yak;
                  | floor).
  4908 | D:8      | Noticed a death yak
  4909 | D:8      | 4909 ||| RETREEEEATING.
  4910 | D:8      | 4910 ||| INVOKING Heroism.
  4912 | D:8      | Noticed a death yak
  4913 | D:8      | 4913 ||| RETREEEEATING.
  4914 | D:8      | 4914 ||| RETREEEEATING.
  4915 | D:8      | 4915 ||| RETREEEEATING.
  4918 | D:8      | Killed a death yak
  4918 | D:8      | Reached ** piety under Okawaru
  4919 | D:8      | Reached skill level 9 in Dodging
  4921 | D:8      | Killed a death yak
  4922 | D:8      | Reached XP level 10. HP: 47/56 MP: 13/15
  4925 | D:8      | Slain by a death yak

Levels and vault maps discovered:
D:1:      ldierk_walled_garden_2, layout_basic
D:2:      layout_loops_ring, minmay_misc_feat_five, uniq_terence
D:3:      layout_loops_ring, mainiacjoe_overflow_paths,
          mainiacjoe_overflow_six_doors_small, wad_orctagon
D:4:      layout_rooms, overflow_temple_1_default, mainiacjoe_overflow_24_doors,
          uniq_eustachio
D:5:      layout_loops_cross, lemuel_tele_altar, minmay_ogre_servants
D:6:      layout_basic, mainiacjoe_overflow_surrounded_room, fedhas_altar_4,
          nicolae_ru_awakened_eye, temple_doors_ab, serial_shops,
          nicolae_shop_tiny_waterfront, uniq_duvessa, uniq_maggie,
          uniq_prince_ribbit1
D:7:      layout_loops_ring, mainiacjoe_overflow_tiny_flanked, enter_bailey_8
D:8:      layout_cave_pools, dpeg_lair_monsters, corexii_leaking_fountain,
          minmay_misc_feat_secret_circle
Temple:   nicolae_temple_ecumenical_triangle

Skill      XL: |  1  2  3  4  5  6  7  8  9 |
---------------+----------------------------+-----
Ranged Weapons | 6 7 8 9 10 12 13 14 | 14.7
Dodging        | 3 4 5 9 |  9.0
Fighting       | 2 4 |  4.0
Armour         | 1 |  1.5
Invocations    | 4 |  4.1
Stealth        | |  1.2

Action                     |  1- 3 |  4- 6 |  7- 9 | 10-12 || total
---------------------------+-------+-------+-------+-------++-------
   Fire: Shortbow          |    67 |    25 |       |       ||    92
         Triple crossbow   |       |    48 |   116 |     4 ||   168
 Invoke: Heroism           |       |       |     1 |       ||     1
  Evoke: Wand              |       |       |     4 |       ||     4
    Use: Scroll            |     2 |    13 |     7 |       ||    22
         Potion            |       |     3 |     2 |       ||     5
 Armour: Leather armour    |    13 |       |       |       ||    13
         Ring mail         |       |     5 |    35 |       ||    40
         Robe              |       |       |     3 |     3 ||     6
  Dodge: Dodged            |    11 |     8 |    48 |     2 ||    69
         Repelled          |       |     1 |       |       ||     1

Table legend:
 A = Non-vault XP
 B = Vault XP
 C = Vault XP percentage of total XP
 D = Non-vault monster count
 E = Vault monster count
 F = Vault count percentage of total count
                 A         B        C        D         E       F
            +---------+---------+-------+---------+---------+-------
      Total |    2940 |    2888 |  49.6 |     105 |      19 |  15.3
            +---------+---------+-------+---------+---------+-------
        D:1 |      31 |       0 |   0.0 |      17 |       0 |   0.0
        D:2 |     103 |      38 |  27.0 |      10 |       1 |   9.1
        D:3 |      81 |       6 |   6.9 |      19 |       2 |   9.5
        D:4 |     253 |     185 |  42.2 |      13 |       1 |   7.1
        D:5 |     282 |     136 |  32.5 |       3 |       9 |  75.0
        D:6 |     272 |     913 |  77.0 |      11 |       4 |  26.7
        D:7 |    1305 |       0 |   0.0 |      19 |       0 |   0.0
        D:8 |     613 |    1610 |  72.4 |      13 |       2 |  13.3
            +---------+---------+-------+---------+---------+-------
